 Dungeon Crawl Stone Soup version 0.32-a0-616-g9348d4545b (webtiles) character file.

Game seed: 6665976047424916490

122 javelincjr the Grasshopper (level 4, -4/34 HPs)
             Began as a Demonspawn Warper on Mar 5, 2024.
             Killed from afar by Crazy Yiuf (8 damage)
             ... with a puff of flame
             ... on level 3 of the Dungeon.
             The game lasted 00:05:44 (2791 turns).

javelincjr the Grasshopper (Demonspawn Warper)      Turns: 2791, Time: 00:05:44

Health: -4/34      AC:  5    Str: 13    XL:     4   Next: 78%
Magic:  7/7        EV: 12    Int: 14    God:
Gold:   94         SH:  0    Dex: 12    Spells: 4/8 levels left

rFire   . . .        a - +0 spear
rCold   . . .        (no shield)
rNeg    . . .        b - +0 leather armour
rPois   .            (no helmet)
rElec   .            (no cloak)
rCorr   .            (no gloves)
SInv    .            (no boots)
Will    .....        m - amulet of regeneration
Stlth   +            (no ring)
HPRegen 1.05/turn    (no ring)
MPRegen 0.20/turn

%: no passive effects
@: mighty, lethally poisoned (-4 -> -7)
A: thin metallic scales 1, magic regeneration
a: no special abilities


You were on level 3 of the Dungeon.
You visited 1 branch of the dungeon, and saw 3 of its levels.

You collected 94 gold pieces.

Inventory:

Hand Weapons
 a - a +0 spear (weapon)
Missiles
 d - 7 darts of dispersal (quivered)
 o - 2 poisoned darts
 r - 3 boomerangs
Armour
 b - a +0 leather armour (worn)
Jewellery
 m - an amulet of regeneration (around neck)
Wands
 p - a wand of digging (9)
 q - a wand of roots (5)
Scrolls
 c - a scroll of blinking
 e - 2 scrolls of teleportation {unknown}
 i - a scroll of amnesia {unknown}
 k - a scroll of identify {unknown}
 l - a scroll of summoning {unknown}
 n - a scroll of immolation {unknown}
Potions
 f - a potion of might {unknown}
 g - 2 potions of attraction {unknown}
 h - a potion of degeneration {unknown}
 j - 2 potions of haste {unknown}


   Skills:
 + Level 2.5 Fighting
 + Level 2.5 Polearms
 + Level 1.4 Throwing
 + Level 1.7 Armour
 + Level 2.4 Dodging
 + Level 2.5 Spellcasting
 + Level 3.0 Translocations


You had 4 spell levels left.
You knew the following spells:

 Your Spells              Type           Power      Damage    Failure   Level
a - Blink                 Tloc           20%        N/A       13%         2
b - Lesser Beckoning      Tloc           20%        N/A       13%         2

Your spell library contained the following spells:

 Spells                   Type           Power      Damage    Failure   Level
 Gell's Gravitas          Tloc           10%        N/A       26%         3
 Teleport Other           Tloc           10%        N/A       26%         3
 Manifold Assault         Tloc           10%        N/A       63%         4
 Passwall                 Erth           1%         N/A       65%         3
 Vhi's Electric Charge    Tloc/Air       12%        N/A       83%         4
 Bombard                  Conj/Erth      0%         9d1       100%        6
 Dispersal                Tloc           5%         N/A       100%        6


Dungeon Overview and Level Annotations

Branches:
Dungeon (3/15)

Altars:

Shops:
D:2 !

Annotations:
D:3 Crazy Yiuf


Innate Abilities, Weirdness & Mutations

You are partially covered in thin metallic scales. (AC +2)
You regenerate magic rapidly.


Message History

You closely miss Crazy Yiuf.
Crazy Yiuf is lightly wounded.
Crazy Yiuf barely misses you.
You hit Crazy Yiuf but do no damage.
Crazy Yiuf is lightly wounded.
Crazy Yiuf grits, "Blight!
Trifle disdain illywillydillykilly."
Crazy Yiuf misses you.
You barely miss Crazy Yiuf.
Crazy Yiuf is lightly wounded.
Crazy Yiuf zaps a wand.
The puff of flame hits you!
You hit Crazy Yiuf.
Crazy Yiuf is moderately wounded.
Crazy Yiuf misses you.
You hit Crazy Yiuf.
Crazy Yiuf is heavily wounded.
Crazy Yiuf barely misses you.
You closely miss Crazy Yiuf.
Crazy Yiuf is heavily wounded.
You hit Crazy Yiuf.
Crazy Yiuf is heavily wounded.
Crazy Yiuf hits you with a +2 quarterstaff of chaos!
You feel very mighty all of a sudden.
You closely miss Crazy Yiuf.
Crazy Yiuf is heavily wounded.
Crazy Yiuf yells, "Pitchfork cower tea!"
Crazy Yiuf zaps a wand.
The puff of flame hits you.
* * * LOW HITPOINT WARNING * * *
You closely miss Crazy Yiuf.
Crazy Yiuf is heavily wounded.
Crazy Yiuf flaps his cloak.
Crazy Yiuf hits you with a +2 quarterstaff of chaos.
* * * LOW HITPOINT WARNING * * *
You are poisoned.
You hit Crazy Yiuf.
Crazy Yiuf is severely wounded.
* * * LOW HITPOINT WARNING * * *
You feel very sick.
Crazy Yiuf sings, "Trees, trees, trees, circus!"
Crazy Yiuf zaps a wand.
The puff of flame hits you!
You die...

###### ###
##....## ###..)#
#......####@g...#
#.......#..##...#
#####.#....#.###
###
#.....########
#.##### #.# #####
#.# ##>..#
######### #.#
##....# #.......#
##.# ##...).#
#.......#


You could see Crazy Yiuf.

Vanquished Creatures
  3 adders
  3 dart slugs
  5 orcs (D:3)
  8 ball pythons
  4 bats
  12 endoplasms
  2 giant cockroaches
  9 goblins
  3 hobgoblins
  10 jackals
  5 kobolds
  3 quokkas
  4 frilled lizards
  2 rats
73 creatures vanquished.

Notes
Turn   | Place    | Note
-------+----------+-------------------------------------------
     0 | D:1      | javelincjr the Demonspawn Warper began the quest for the
                  | Orb.
     0 | D:1      | Reached XP level 1. HP: 16/16 MP: 3/3
   120 | D:1      | Reached skill level 1 in Throwing
   128 | D:1      | Found a faded altar of an unknown god.
   133 | D:1      | Reached skill level 1 in Armour
   155 | D:1      | Gained mutation: You are partially covered in thin metallic
                  | scales. (AC +2) [demonic ancestry]
   155 | D:1      | Reached XP level 2. HP: 9/22 MP: 5/5
   706 | D:1      | Reached XP level 3. HP: 27/27 MP: 6/6
  1259 | D:2      | Got Sif Muna's Elucidation of Subspace and Earth
  1263 | D:2      | Learned a level 2 spell: Blink
  1266 | D:2      | Learned a level 2 spell: Lesser Beckoning
  1389 | D:2      | Found Qiteop's Distillery.
  2152 | D:2      | Gained mutation: You regenerate magic rapidly. [demonic
                  | ancestry]
  2152 | D:2      | Reached XP level 4. HP: 13/34 MP: 7/7
  2412 | D:3      | Reached skill level 3 in Translocations
  2776 | D:3      | Found a runed translucent door.
  2777 | D:3      | Noticed Crazy Yiuf
  2791 | D:3      | Killed from afar by Crazy Yiuf

Illustrated notes

Levels and vault maps discovered:
D:1:      mrwooster_arrival_statue_3, layout_loops_cross,
          shapermc_ecumenical_altar_mp_ritualfount, serial_forest,
          infiniplex_forest_lined_3_way, infiniplex_forest_lined_2,
          infiniplex_forest_zigzag_1, infiniplex_forest_straight_2,
          infiniplex_forest_clump_long, infiniplex_forest_clump_small,
          infiniplex_forest_clump_tiny, minmay_misc_feat_square, moated_statue
D:2:      layout_basic, serial_shops, shop, grunt_decor_mini_mirrors
D:3:      layout_rooms, st_stairs_13, uniq_crazy_yiuf_cottage

Skill      XL: |  1  2  3  4 |
---------------+-------------+-----
Throwing       | 1 |  1.4
Armour         | 1 |  1.7
Polearms       | 2 |  2.5
Dodging        | 2 |  2.4
Translocations | 3 |  3.0
Fighting       | |  2.5
Spellcasting   | |  2.5

Action                     |  1- 3 |  4- 6 || total
---------------------------+-------+-------++-------
  Melee: Spear             |   207 |   147 ||   354
   Stab: Sleeping          |     2 |       ||     2
 Armour: Leather armour    |   124 |    66 ||   190
  Dodge: Dodged            |    99 |    85 ||   184

Table legend: (Time is in decaauts)
 A = Elapsed time spent in this place.
 B = Non-inter-level travel time spent in this place.
 C = Inter-level travel time spent in this place.
 D = Time resting spent in this place.
 E = Time spent auto-exploring this place.
 F = Levels seen in this place.
 G = Mean time per level.
                   A        B        C        D        E       F      G
               +--------+--------+--------+--------+--------+-----+--------+
         Total |   2786 |   2684 |    102 |      0 |   2141 |   3 |  928.7 |
       Dungeon |   2786 |   2684 |    102 |      0 |   2141 |   3 |  928.7 |
               +--------+--------+--------+--------+--------+-----+--------+

Top non-repeatable levels by time:
     D:2: 1268 daAuts
     D:1: 1004 daAuts
     D:3: 513 daAuts
